Map: [TLMC20] Persephone

Players

ByuN

  • Race: Terran Terran
  • Spawn Location: 7:00

SHIN - Winner!

  • Race: Zerg Zerg
  • League: Master
  • Spawn Location: 11:00

VOD

Have the link to the VOD?

Description

Time

  • Played on: April 7, 2025, 10:07 p.m.
  • Length: 11:22
Show
View Real Time Build Order
Export as new Build Order

ByuN Terran 

Build Orders: Command Center First, Hellion Banshee 

Get SALT Encoding   

  12  0:00  SCV  
  13  0:12  SCV  
  14  0:17  Supply Depot  
  14  0:24  SCV  
  15  0:38  SCV  
  16  0:50  SCV  
  17  0:58  Command Center  
  17  1:02  SCV  
  18  1:12  Barracks  
  18  1:15  SCV  
  19  1:21  Refinery  
  19  1:27  SCV  
  19  1:28  Refinery  
  20  1:39  SCV  
  21  1:51  SCV  
  22  1:58  Marine  
  23  2:03  Orbital Command  
  23  2:08  Factory  
  23  2:11  Orbital Command  
  23  2:16  Barracks Reactor  
  23  2:35  SCV  
  22  2:53  Marine x2  
  22  2:56  Starport  
  22  2:57  Factory Tech Lab  
  23  2:59  SCV x2  
  25  3:10  Marine  
  25  3:11  Marine, SCV x2  
  29  3:17  Cyclone  
  32  3:25  Supply Depot  
  32  3:26  SCV x2  
  34  3:28  Marine  
  34  3:32  Marine  
  34  3:33  Medivac  
  38  3:47  Supply Depot, SCV x2  
  40  3:59  SCV x2  
  40  4:01  Hellion x2  
  46  4:10  Supply Depot  
  46  4:11  Cloaking Field, SCV x2, Banshee  
  51  4:18  Armory  
  51  4:24  SCV x2  
  53  4:32  Hellion  
  53  4:33  Hellion, Supply Depot  
  53  4:36  SCV  
  58  4:39  SCV  
  59  4:52  SCV x2  
  61  4:55  Hellion x2, Supply Depot, Banshee  
  61  4:58  Barracks Tech Lab  
  68  5:04  SCV x2  
  68  5:05  Starport  
  70  5:10  Refinery  
  70  5:11  Refinery  
  70  5:17  Hellion x2  
  70  5:18  Supply Depot  
  74  5:22  SCV x2  
  76  5:32  Hyperflight Rotors  
  76  5:39  Hellion  
  76  5:40  Hellion  
  72  5:53  Banshee  
  69  6:00  Hellion  
  69  6:01  Hellion  
  69  6:02  SCV  
  69  6:03  SCV  
  72  6:14  Banshee  
  72  6:16  SCV x2  
  74  6:18  Command Center  
  74  6:22  Barracks Tech Lab  
  74  6:24  Terran Ship Weapons Level 1  
  72  6:28  SCV x2  
  72  6:29  Starport  
  74  6:36  Banshee  
  74  6:39  Hellion  
  79  6:40  SCV x2  
  81  6:50  Supply Depot x3  
  81  6:52  SCV  
  81  6:53  SCV  
  83  6:57  Banshee  
  83  7:01  Supply Depot  
  86  7:02  Fusion Core  
  86  7:11  SCV x2  
  88  7:18  Banshee  
  88  7:20  Banshee  
  94  7:23  SCV x2  
  94  7:28  Hellion x2  
  100  7:32  Supply Depot  
  100  7:34  Supply Depot  
  100  7:35  SCV x2  
  100  7:50  Battlecruiser  
  95  8:05  Battlecruiser  
  95  8:07  Orbital Command  
  95  8:11  Hellion x2  
  99  8:13  SCV x2  
  99  8:16  Refinery  
  95  8:20  Refinery  
  84  8:37  Battlecruiser  
  84  8:40  SCV x2  
  89  8:42  Engineering Bay  
  83  8:52  SCV x2  
  83  8:54  Hellion x2  
  89  9:00  Battlecruiser  
  95  9:04  SCV  
  90  9:25  SCV x2  
  90  9:28  Missile Turret  
  90  9:30  Battlecruiser  
  98  9:36  Command Center  
  98  9:37  Missile Turret  
  97  9:51  Hellion x2  
  100  9:58  Battlecruiser  
  96  10:18  Command Center x2  
  96  10:22  SCV x2  
  90  10:34  SCV x2  
  95  10:37  Viking  
  95  10:42  Hellion x2  
  98  10:55  Command Center  
Show
View Real Time Build Order
Export as new Build Order

SHIN Zerg - Winner!

Build Orders: Pool First 

Get SALT Encoding   

  12  0:00  Drone  
  13  0:12  Overlord  
  13  0:16  Drone  
  14  0:30  Drone x2  
  16  0:40  Spawning Pool  
  15  0:43  Drone  
  15  0:47  Drone  
  17  0:55  Drone  
  18  1:09  Hatchery  
  17  1:26  Zergling x2  
  17  1:27  Zergling x2  
  17  1:28  Zergling x2, Queen  
  22  1:39  Overlord  
  22  2:04  Hatchery, Queen  
  23  2:12  Drone x2  
  23  2:13  Drone  
  26  2:23  Drone x2  
  28  2:33  Queen  
  28  2:34  Drone  
  31  2:37  Drone  
  31  2:42  Overlord  
  31  2:44  Drone  
  31  2:48  Drone  
  31  2:50  Drone  
  33  2:52  Drone  
  33  2:54  Drone  
  34  3:01  Queen  
  36  3:06  Overlord  
  36  3:11  Drone x2  
  36  3:12  Drone  
  39  3:16  Drone x2  
  41  3:21  Drone x2  
  41  3:24  Drone x2  
  41  3:25  Drone  
  46  3:27  Drone  
  46  3:29  Drone  
  46  3:31  Extractor  
  46  3:33  Drone, Extractor  
  47  3:41  Roach Warren  
  47  3:42  Evolution Chamber  
  47  3:44  Drone x2  
  47  3:50  Drone x4  
  47  3:53  Overlord  
  51  3:58  Overlord  
  51  3:59  Overlord  
  51  4:03  Overlord  
  51  4:11  Queen  
  53  4:17  Spore Crawler  
  53  4:22  Roach x4  
  53  4:23  Roach  
  62  4:26  Drone x2  
  62  4:27  Drone  
  62  4:30  Roach  
  67  4:35  Drone x4  
  70  4:38  Drone  
  70  4:39  Drone  
  70  4:40  Drone  
  70  4:43  Drone x2  
  74  4:52  Spore Crawler, Queen  
  75  4:53  Drone  
  75  4:55  Drone  
  75  4:57  Drone  
  75  4:58  Drone  
  79  5:02  Lair  
  79  5:06  Drone x2, Spore Crawler  
  80  5:09  Drone x2  
  82  5:15  Overlord  
  82  5:16  Overlord  
  82  5:17  Overlord  
  82  5:19  Overlord  
  82  5:22  Extractor  
  82  5:23  Extractor, Drone  
  81  5:30  Overlord  
  81  5:34  Roach x4  
  89  5:36  Roach x2  
  89  5:37  Roach  
  89  5:38  Roach x2  
  89  5:40  Roach  
  89  5:42  Roach  
  101  5:45  Roach  
  101  5:47  Roach  
  97  5:50  Roach  
  97  5:56  Drone x4  
  101  6:00  Drone  
  101  6:01  Drone x2  
  101  6:02  Drone  
  105  6:04  Spore Crawler  
  105  6:05  Overseer  
  105  6:08  Queen  
  104  6:14  Drone x2  
  106  6:19  Drone x7  
  106  6:21  Extractor x2  
  106  6:24  Queen  
  113  6:30  Spire  
  110  6:38  Drone x2  
  110  6:39  Drone x2  
  112  6:42  Hatchery  
  112  6:44  Overlord  
  112  6:46  Queen  
  109  6:48  Queen  
  109  6:54  Evolution Chamber, Overlord  
  109  6:57  Evolution Chamber  
  109  6:59  Glial Reconstitution  
  107  7:06  Overlord x3  
  107  7:10  Overlord  
  107  7:19  Overlord  
  107  7:45  Evolution Chamber  
  107  7:49  Mutalisk x9  
  107  7:50  Mutalisk  
  122  7:58  Mutalisk  
  113  8:01  Queen x2  
  113  8:04  Drone x2  
  113  8:05  Drone  
  120  8:09  Mutalisk  
  120  8:12  Drone x5  
  128  8:14  Drone x2  
  129  8:27  Hatchery  
  129  8:28  Drone  
  129  8:29  Drone x7  
  129  8:31  Queen  
  129  8:32  Overlord  
  132  8:36  Drone x2, Queen  
  132  8:39  Mutalisk x2  
  136  8:43  Extractor  
  136  8:44  Extractor  
  136  8:45  Mutalisk x2  
  138  8:48  Zerg Flyer Weapons Level 1  
  138  8:52  Spore Crawler  
  138  8:53  Spore Crawler, Overseer  
  138  8:54  Spore Crawler  
  138  8:55  Mutalisk  
  137  8:56  Drone  
  137  8:57  Drone x2  
  137  9:02  Drone  
  137  9:03  Drone  
  137  9:07  Drone  
  132  9:12  Corruptor, Zergling x2  
  132  9:14  Corruptor  
  133  9:17  Drone  
  133  9:23  Drone x3  
  130  9:27  Drone  
  130  9:28  Drone x3  
  134  9:34  Corruptor  
  136  9:40  Corruptor  
  136  9:43  Corruptor  
  140  9:46  Corruptor  
  130  9:54  Drone x5  
  130  9:55  Drone  
  129  10:00  Corruptor  
  129  10:05  Corruptor  
  133  10:09  Corruptor  
  133  10:11  Drone x2  
  133  10:14  Corruptor  
  137  10:18  Overlord  
  137  10:19  Corruptor  
  141  10:26  Corruptor  
  141  10:28  Overlord  
  139  10:29  Drone x3  
  139  10:34  Corruptor  
  138  10:38  Corruptor  
  138  10:40  Drone x3  
  143  10:45  Corruptor  
  145  10:53  Corruptor  
  145  10:56  Drone x5  
Tags
 
Add a new tag
Caveats
  • Supply blocks, unpowered buildings, or Contaminate may cause inaccurate times.
  • Supply counts are checked every 10 seconds.